 Dungeon Crawl Stone Soup version 0.25.1-2-g60ff931df9 (webtiles) character file.

Game seed: 2076565024548934797

172 KyoPewz the Skirmisher (level 5, -9/58 HPs)
             Began as an Ogre Berserker on Oct 5, 2020.
             Was a Believer of Trog.
             Mangled by an ogre
             ... wielding a +0 giant spiked club
              (16 damage)
             ... on level 5 of the Dungeon.
             The game lasted 00:03:49 (3263 turns).

KyoPewz the Skirmisher (Ogre Berserker)             Turns: 3263, Time: 00:03:49

Health: -9/58      AC:  3    Str: 22    XL:     5   Next: 52%
Magic:  5/5        EV: 10    Int:  8    God:    Trog [**....]
Gold:   111        SH:  0    Dex:  8    Spells: 4/4 levels left

rFire    . . .     SeeInvis .   a - +0 mace
rCold    . . .     Gourm    .   (no shield)
rNeg     . . .     Faith    .   b - +0 animal skin
rPois    .         Spirit   .   (helmet restricted)
rElec    .         Reflect  .   (no cloak)
rCorr    .         Harm     .   (gloves unavailable)
MR       .....                  (boots unavailable)
Stlth    +.........             (no amulet)
HPRegen  0.19/turn              (no ring)
MPRegen  0.09/turn              (no ring)

@: berserk cooldown, slowed, very slow
A: large, unfitting armour, tough skin 1
a: Berserk, Trog's Hand, Renounce Religion


You were on level 5 of the Dungeon.
You worshipped Trog.
Trog was pleased with you.
You were very hungry.

You visited 1 branch of the dungeon, and saw 4 of its levels.

You collected 111 gold pieces.

Inventory:

Hand Weapons
 a - a +0 mace (weapon)
Armour
 b - a +0 animal skin (worn)
Scrolls
 c - 3 scrolls of identify {unknown}
 g - 3 scrolls of noise {unknown}
 h - 3 scrolls of teleportation {unknown}
 j - 2 scrolls of magic mapping {unknown}
 m - 2 scrolls of blinking {unknown}
 p - 3 scrolls of remove curse {unknown}
 s - a scroll of amnesia {unknown}
Potions
 d - a potion of cancellation {unknown}
 f - a potion of berserk rage {unknown}
 i - a potion of brilliance {unknown}
 k - a potion of ambrosia {unknown}
 l - a potion of mutation {unknown}
 n - 2 potions of curing {unknown}
 o - a potion of haste {unknown}
 q - a potion of lignification {unknown}
 r - a potion of flight {unknown}
Comestibles
 e - 6 rations {!d}


   Skills:
 + Level 5.6 Fighting
 * Level 4.7 Maces & Flails
 - Level 2.6 Dodging


You had 4 spell levels left.
You didn't know any spells.
Your spell library was empty.

Dungeon Overview and Level Annotations

Branches:
Dungeon (3/15)

Altars:


Innate Abilities, Weirdness & Mutations

You are too large for most types of armour.
You have tough skin. (AC +1)


Message History

The ogre shouts!
You hear a shout! x2
The centaur shoots an arrow.
The arrow hits you.
* * * LOW HITPOINT WARNING * * *
There is a stone staircase leading down here.
You see here an arrow.
A hound comes into view.
The hound barks!
You hit the centaur.
The centaur unwields a +0 shortbow.
The centaur hits you.
* * * LOW HITPOINT WARNING * * *
A shadow imp comes into view.
You sock the centaur! The centaur hits you!
* * * LOW HITPOINT WARNING * * *
You hit the centaur.
You are no longer berserk.
You are exhausted.
You feel yourself slow down. The centaur hits you.
* * * LOW HITPOINT WARNING * * *
An orc priest comes into view. It is wielding a +0 hand axe.
The centaur barely misses you.
You barely miss the centaur. The centaur barely misses you. x2
An orc wizard comes into view. It is wielding a +0 dagger.
You hit the centaur.
You feel the effects of Trog's Hand fading.
The centaur closely misses you. The centaur barely misses you.
An orc comes into view.
The centaur closely misses you.
The orc shouts!
You hit the centaur but do no damage. The centaur hits you.
* * * LOW HITPOINT WARNING * * *
The centaur closely misses you. The centaur hits you.
* * * LOW HITPOINT WARNING * * *
You hit the centaur. The centaur closely misses you. The centaur hits you.
* * * LOW HITPOINT WARNING * * *
You hit the centaur.
You kill the centaur!
Trog accepts your kill.
You have reached level 5!
Your skin stops crawling.
You feel less resistant to hostile enchantments.
The orc wizard casts a spell.
The orc wizard flickers and vanishes!
Deactivating autopickup; reactivate with Ctrl-A.
The ogre closely misses you.
You hit the ogre but do no damage.
The orc priest calls down the wrath of Beogh upon you.
Beogh smites you!
* * * LOW HITPOINT WARNING * * *
The ogre hits you with a +0 giant spiked club!
You die...

#...#.#
#.#.#.#
#.#.#.#
#.#(#.#
#.#.#.#
#.#.(.#
#.##((#
#.>#
##@#
#O# #h#
#5# #.#
#o# #o#
#.#


You could see an ogre, a hound, an orc priest, a shadow imp and an orc.

Vanquished Creatures
  A centaur (D:5)
  3 adders
  An ooze (D:1)
  A worm (D:3)
  2 dart slugs (D:1)
  7 bats
  6 giant cockroaches
  9 goblins
  5 hobgoblins
  A frilled lizard (D:2)
  9 kobolds
  6 rats
51 creatures vanquished.

Vanquished Creatures (others)
  4 toadstools (D:1)
4 creatures vanquished.

Grand Total: 55 creatures vanquished

Notes
Turn   | Place    | Note
-------+----------+-------------------------------------------
     0 | D:1      | KyoPewz the Ogre Berserker began the quest for the Orb.
     0 | D:1      | Reached XP level 1. HP: 24/24 MP: 1/1
    25 | D:1      | Reached XP level 2. HP: 3/32 MP: 2/2
   647 | D:1      | Reached XP level 3. HP: 38/40 MP: 3/3
  1077 | D:1      | HP: 2/40 [poisoned by an adder]
  1083 | D:1      | HP: 1/40 [poisoned by an adder]
  1711 | D:2      | Reached XP level 4. HP: 47/49 MP: 4/4
  2057 | D:2      | Reached ** piety under Trog
  2074 | D:2      | Reached skill level 5 in Fighting
  2274 | D:2      | Found a faded altar of an unknown god.
  3234 | D:3      | You fall into a shaft and drop 2 floors!
  3234 | D:5      | Entered Level 5 of the Dungeon
  3248 | D:5      | Noticed a centaur
  3253 | D:5      | Noticed an ogre
  3262 | D:5      | Killed a centaur
  3262 | D:5      | Reached XP level 5. HP: 14/58 MP: 5/5
  3263 | D:5      | Mangled by an ogre

Illustrated notes

Levels and vault maps discovered:
D:1:      ldierk_walled_garden_2, layout_basic, serial_glass, glass_columns_a,
          glass_columns_a, glass_columns_a, glass_columns_a, glass_columns_a,
          glass_columns_b, glass_columns_b, glass_columns_c, glass_columns_a,
          glass_columns_a
D:2:      layout_basic, first_ration, chequers_ecumenical_altar_simple_redux
D:3:      layout_loops_corners
D:5:      layout_basic, enter_ossuary_2

Skill      XL: |  1  2  3  4 |
---------------+-------------+-----
Maces & Flails | 3 4 |  4.7
Fighting       | 5 |  5.6
Dodging        | |  2.6

Action                   |  1- 3 |  4- 6 || total
-------------------------+-------+-------++-------
Melee: Mace              |   117 |    88 ||   205
Invok: Berserk           |     1 |     1 ||     2
       Trog's Hand       |       |     1 ||     1
  Eat: Chunk             |     2 |     3 ||     5
       Ration            |       |     1 ||     1
Armor: Animal skin       |    34 |    22 ||    56
Dodge: Dodged            |    73 |    76 ||   149
